 Dungeon Crawl Stone Soup version 0.18.1-5-g4a78601 (webtiles) character file.

52 namelastname112 the Sneak (level 3, -8/30 HPs)
             Began as a Draconian Assassin on May 11, 2016.
             Killed from afar by Natasha (10 damage)
             ... with a wand of flame
             ... on level 2 of the Dungeon.
             The game lasted 00:01:40 (1043 turns).

namelastname112 the Sneak (Draconian Assassin)      Turns: 1043, Time: 00:01:41

Health: -8/30      AC:  6    Str: 13    XL:     3   Next: 60%
Magic:  3/3        EV: 12    Int: 11    God:
Gold:   52         SH:  0    Dex: 13    Spells: 0 memorised, 2 levels left

rFire  . . .     SeeInvis .     r - +1 dagger (holy)
rCold  . . .     Gourm    .     (armour unavailable)
rNeg   . . .     Faith    .     (no shield)
rPois  .         Spirit   .     (helmet restricted)
rElec  .         Dismiss  .     c - +0 cloak
rCorr  .         Reflect  .     (no gloves)
SustAt .         Harm     .     (no boots)
MR     .....                    (no amulet)
Stlth  ++........               (no ring)
                                (no ring)

@: not resistant to hostile enchantments, unstealthy
A: unfitting armour, cold-blooded, AC +5
a: no special abilities


You were on level 2 of the Dungeon.
You were not hungry.

You visited 1 branch of the dungeon, and saw 2 of its levels.

You collected 52 gold pieces.

Inventory:

Hand Weapons
 b - a +0 blowgun
 r - a +1 dagger of holy wrath (weapon)
Missiles
 d - a poisoned needle
 e - 2 curare-tipped needles
Armour
 c - a +0 cloak (worn)
Scrolls
 i - 2 scrolls of identify {unknown}
 m - a scroll of random uselessness {unknown}
 n - 2 scrolls of magic mapping {unknown}
 o - a scroll of blinking {unknown}
 q - a scroll of fear {unknown}
 s - 2 scrolls of noise {unknown}
 v - a scroll of remove curse {unknown}
Potions
 g - a potion of degeneration {unknown}
 h - a potion of lignification {unknown}
 k - a potion of mutation {unknown}
 l - a potion of resistance {unknown}
 t - a potion of heal wounds {unknown}
Comestibles
 f - a bread ration
 j - a meat ration


   Skills:
 + Level 2.7 Fighting
 * Level 2.8 Short Blades
 + Level 2.0 Throwing
 + Level 1.3 Dodging
 * Level 4.0 Stealth


You had 2 spell levels left.
You didn't know any spells.

Dungeon Overview and Level Annotations

Branches:
Dungeon (2/15)

Altars:

Annotations:
D:2 Natasha


Innate Abilities, Weirdness & Mutations

Your plain brown scales are hard (AC +5).
Your body does not fit into most forms of armour.
You are cold-blooded and may be slowed by cold attacks.


Message History

Natasha closely misses you.
You barely miss Natasha.
Natasha is heavily wounded.
You closely miss Natasha.
Natasha is heavily wounded.
Natasha mumbles some strange words.
You hit Natasha.
You tail-slap Natasha, but do no damage.
Natasha is heavily wounded.
Natasha closely misses you.
You barely miss Natasha.
Natasha is heavily wounded.
Natasha stares at you and mumbles some strange words.
The magic dart hits you!
* * * LOW HITPOINT WARNING * * *
You take 2 damage, and have 2/30 hp.
You hit Natasha.
Your tail-slap misses Natasha.
Natasha is almost dead.
Natasha zaps a wand.
The puff of flame hits you!
You die...

#....# .. #(...# ..... #(...#
..... #h...###.....
#....(.....# #.......>..#
#..........#
######5...÷....(##
#..>........+.).@h............
............##########......##
........... ?.............+
.........# ####.........?#
.........# #....#######
.........# #....#
.........#########....#
.....†..........##....#
......................#


You could see Natasha and a white imp.

Vanquished Creatures
  Natasha (D:2)
  A dart slug (D:2)
  A bat (D:1)
  3 giant cockroaches
  3 goblins
  3 hobgoblins (D:1)
  5 kobolds
  A giant newt (D:1)
  6 rats
24 creatures vanquished.

Notes
Turn   | Place    | Note
--------------------------------------------------------------
     0 | D:1      | namelastname112 the Draconian Assassin began the quest for the Orb.
     0 | D:1      | Reached XP level 1. HP: 17/17 MP: 1/1
    70 | D:1      | Reached skill level 1 in Dodging
   174 | D:1      | Reached XP level 2. HP: 25/25 MP: 2/2
   742 | D:2      | Noticed Natasha
   760 | D:2      | Noticed a crimson imp
   772 | D:2      | Noticed a crimson imp
   777 | D:2      | Noticed a crimson imp
   783 | D:2      | Noticed a crimson imp
   787 | D:2      | Killed Natasha
   787 | D:2      | Reached skill level 4 in Stealth
   787 | D:2      | Reached XP level 3. HP: 12/30 MP: 3/3
  1019 | D:2      | Noticed Natasha
  1043 | D:2      | Killed from afar by Natasha

Skill      XL: |  1  2 |
---------------+-------+-----
Dodging        | 1 |  1.3
Throwing       | 2 |  2.0
Stealth        | 4 |  4.0
Fighting       | |  2.7
Short Blades   | |  2.8

Action                   || total
-------------------------++-------
Melee: Dagger            ||    98
       Tailslap          ||    15
 Fire: Blowgun           ||     9
Throw: Throwing net      ||     1
       Javelin           ||     2
  Use: Potion            ||     1
 Stab: Sleeping          ||     5
Armor: Skin              ||    22
Dodge: Dodged            ||    49
